 Dungeon Crawl Stone Soup version 0.17-a0-1949-g1acca9a (webtiles) character file.

118 Rationalist the Skirmisher (level 4, -4/54 HPs)
             Began as a Demonspawn Berserker on Oct 2, 2015.
             Was a Priest of Trog.
             Slain by Rationalist's ghost (9 damage)
             ... on level 3 of the Dungeon.
             The game lasted 00:04:23 (3546 turns).

Rationalist the Skirmisher (Demonspawn Berserker)   Turns: 3546, Time: 00:04:23

Health: -4/54      AC:  4    Str: 22    XL:     4   Next: 72%
Magic:  4/4        EV: 13    Int:  9    God:    Trog [***...]
Gold:   142        SH:  0    Dex: 13    Spells: 0 memorised, 3 levels left

rFire  . . .     SeeInvis .     t - +2 hand axe (flame)
rCold  . . .     Clarity  .     b - +0 animal skin
rNeg   . . .     SustAt   .     (no shield)
rPois  .         Gourm    .     (helmet restricted)
rElec  .         Spirit   .     (no cloak)
rCorr  .         Warding  .     (no gloves)
rMut   .         Stasis   .     (no boots)
MR     ++...                    (no amulet)
Stlth  ..........               (no ring)
                                (no ring)

@: berserking, regenerating, very quick, very resistant to hostile enchantments,
extremely unstealthy
A: antennae 2, yellow scales 1
a: Burn Spellbooks, Berserk, Trog's Hand, Renounce Religion


You were on level 3 of the Dungeon.
You worshipped Trog.
Trog was most pleased with you.
You were not hungry.

You visited 1 branch of the dungeon, and saw 3 of its levels.

You collected 142 gold pieces.

Inventory:

Hand weapons
 p - a +0 blowgun
 t - a +2 hand axe of flaming (weapon)
Missiles
 i - 25 poisoned needles
Armour
 b - a +0 animal skin (worn)
Rods
 u - a +0 rod of shadows (9/9)
   (You found it on level 3 of the Dungeon)
Magical devices
 s - a wand of digging (17)
Scrolls
 a - a scroll of amnesia {unknown}
 h - 3 scrolls of magic mapping
 j - 3 scrolls of identify {unknown}
 k - 3 scrolls of blinking {unknown}
 l - a scroll of fog {unknown}
 n - 2 scrolls of remove curse {unknown}
 o - 2 scrolls of noise {unknown}
Potions
 d - a potion of heal wounds
 e - a potion of might {unknown}
 g - a potion of agility {unknown}
 q - 3 potions of curing {unknown}
Comestibles
 c - 4 bread rations
 f - a beef jerky
 m - a meat ration


   Skills:
 + Level 3.6 Fighting
 + Level 3.5 Axes
 + Level 1.8 Armour
 + Level 3.3 Dodging


You had 3 spell levels left.
You didn't know any spells.

Dungeon Overview and Level Annotations

Branches:
Dungeon (3/15)

Altars:
Ru
Trog

Annotations:
D:3 Rationalist's ghost, average DsBe


Innate Abilities, Weirdness & Mutations

You have a pair of antennae on your head.
You are partially covered in yellow scales (AC +2).


Message History

You slash Rationalist's ghost! You burn Rationalist's ghost.
Rationalist's ghost is moderately damaged.
Rationalist's ghost barely misses you.
Unknown command.
You hit Rationalist's ghost. You burn Rationalist's ghost.
Rationalist's ghost is heavily damaged.
You feel the effects of Trog's Hand fading.
Rationalist's ghost hits you.
* * * LOW HITPOINT WARNING * * *
Rationalist's ghost burns you.
* * * LOW HITPOINT WARNING * * *
You closely miss Rationalist's ghost.
Rationalist's ghost is heavily damaged.
Rationalist's ghost misses you.
You barely miss Rationalist's ghost.
Rationalist's ghost is heavily damaged.
You slash Rationalist's ghost! You burn Rationalist's ghost.
Rationalist's ghost is almost destroyed.
Rationalist's ghost hits you!
You die...

#.#
#.........#######
#.# ########..# #
#.# #..# ## #.#
#..# ###. #.# ....
#... #.# ####...##
#... #.# #......#
#... #.# #W# #..)
#.# #@# #... #.#
#######.###..#
#.#.
#.###............#
#.#.
#......####!####.#
#.#. #####..# #.#
###.###.#. #..#
#.# ..........
#..# ..#
###...#.## ...#
### ### #... .....
####


You could see Rationalist's ghost.

Vanquished Creatures
  6 adders (D:2)
  An ooze (D:2)
  9 bats
  2 giant cockroaches
  10 hobgoblins
  11 kobolds
  5 giant newts
  11 goblins
  2 quokkas (D:2)
  4 rats
61 creatures vanquished.

Notes
Turn   | Place    | Note
--------------------------------------------------------------
     0 | D:1      | Rationalist the Demonspawn Berserker began the quest for the Orb.
     0 | D:1      | Reached XP level 1. HP: 18/18 MP: 1/1
    93 | D:1      | Gained mutation: You have a pair of small antennae on your head. [demonic ancestry]
    93 | D:1      | Reached XP level 2. HP: 12/24 MP: 2/2
   797 | D:1      | Acquired Trog's second power
   939 | D:2      | Gained mutation: You have a pair of antennae on your head. [demonic ancestry]
   939 | D:2      | Reached XP level 3. HP: 15/29 MP: 3/3
  1810 | D:2      | Gained mutation: You are partially covered in yellow scales (AC +2). [demonic ancestry]
  1810 | D:2      | Reached XP level 4. HP: 30/35 MP: 4/4
  2254 | D:2      | Found a bloodstained altar of Trog.
  3436 | D:3      | Found a sacrificial altar of Ru.
  3535 | D:3      | Noticed Rationalist's ghost (average DsBe)
  3546 | D:3      | Slain by Rationalist's ghost

Vault maps used:
D:1:      ncdulo_halloftheorcs, hangedman_decor_riveting, minivault_19,
          kennysheep_small_spiral
D:2:      first_bread, trog_hazing_becter
D:3:      lemuel_crystal_altar, uniq_crazy_yiuf_cottage

Action                   |  1- 3 |  4- 6 || total
-------------------------+-------+-------++-------
Melee: Hand axe          |   135 |    96 ||   231
Invok: Berserk           |       |     1 ||     1
       Trog's Hand       |       |     1 ||     1
  Use: Potion            |     3 |     1 ||     4
       Scroll            |       |     1 ||     1
  Eat: Chunk             |     2 |     5 ||     7
       Pizza             |       |     1 ||     1
